 Dungeon Crawl Stone Soup version 0.20-a0-854-g0cc194a (webtiles) character file.

49 Alarkh the Skirmisher (level 3, 0/29 HPs)
             Began as a Demonspawn Fighter on Mar 11, 2017.
             Succumbed to Terence's poison
             ... on level 2 of the Dungeon.
             The game lasted 00:00:56 (811 turns).

Alarkh the Skirmisher (Demonspawn Fighter)           Turns: 811, Time: 00:00:56

Health: 0/29       AC:  6    Str: 20 (21) XL:     3   Next: 51%
Magic:  3/3        EV:  7    Int:  7 (10) God:
Gold:   81         SH:  8    Dex:  9 (12) Spells: 2/2 levels left

rFire    . . .     SeeInvis .   a - +0 long sword
rCold    . . .     Gourm    .   b - +0 scale mail
rNeg     . . .     Faith    .   c - +0 shield
rPois    .         Spirit   .   (no helmet)
rElec    .         Reflect  .   (no cloak)
rCorr    .         Harm     .   (no gloves)
MR       .....                  (no boots)
Stlth    ..........             (no amulet)
Regen    0.1/turn               (no ring)
MPRegen  0.1/turn               (no ring)

@: mighty, lethally poisoned (0 -> -16)
A: powered by pain 2
a: no special abilities


You were on level 2 of the Dungeon.
You were not hungry.

You visited 1 branch of the dungeon, and saw 2 of its levels.

You collected 81 gold pieces.

Inventory:

Hand Weapons
 a - a +0 long sword (weapon)
Armour
 b - a +0 scale mail (worn)
 c - a +0 shield (worn)
Scrolls
 l - a scroll of identify {unknown}
Potions
 m - a potion of lignification {unknown}
 n - a potion of mutation {unknown}
Comestibles
 f - 3 bread rations
 g - 3 chunks of flesh


   Skills:
 + Level 3.2 Fighting
 * Level 2.6 Long Blades
 + Level 2.8 Armour
 + Level 1.3 Dodging
 + Level 2.8 Shields


You had 2 spell levels left.
You didn't know any spells.

Dungeon Overview and Level Annotations

Branches:
Dungeon (2/15)

Altars:
Cheibriados


Innate Abilities, Weirdness & Mutations

You sometimes gain power by taking damage.


Message History

You feel sick. Terence hits you with a flail of venom.
You are lethally poisoned!
You slash Terence!
Terence is almost dead.
You feel sick. Terence hits you with a flail of venom!
* * * LOW HITPOINT WARNING * * *
You slash Terence!
You kill Terence!
You have reached level 3!
Your experience leads to an increase in your attributes!
Your base attributes are Str 16, Int 9, Dex 12.
Increase (S)trength, (I)ntelligence, or (D)exterity?
You feel clever.
Your demonic ancestry asserts itself...
You feel even more energised by your suffering.
* * * LOW HITPOINT WARNING * * *
You feel sick.
It was a potion of degeneration.
There was something very wrong with that liquid.
You feel weakened.
You feel dopey.
You feel clumsy.
You die...

## .###############
.##...........)###
....).########...#######
.##.#.# ......†.........
.##.#.# ########)######
.##.#.# #@# .##.#.#
#...>...# .##.#.#
#.......# .##.#.#
#.......# . #.#.#
...........
..#.......###
####.......# #(......#


There were no monsters in sight!

Vanquished Creatures
  Terence (D:2)
  2 dart slugs (D:1)
  A leopard gecko (D:1)
  A giant cockroach (D:2)
  3 goblins
  4 hobgoblins
  2 frilled lizards
  3 kobolds (D:1)
  3 rats (D:1)
20 creatures vanquished.

Notes
Turn   | Place    | Note
-------+----------+-------------------------------------------
     0 | D:1      | Alarkh the Demonspawn Fighter began the quest for the Orb.
     0 | D:1      | Reached XP level 1. HP: 18/18 MP: 1/1
   221 | D:1      | Gained mutation: You sometimes gain a little power by taking damage. [demonic ancestry]
   221 | D:1      | Reached XP level 2. HP: 24/24 MP: 2/2
   436 | D:1      | Reached skill level 1 in Dodging
   718 | D:1      | Found a snail-covered altar of Cheibriados.
   793 | D:2      | Noticed Terence
   810 | D:2      | Killed Terence
   810 | D:2      | Gained mutation: You sometimes gain power by taking damage. [demonic ancestry]
   810 | D:2      | Reached XP level 3. HP: 4/29 MP: 3/3
   811 | D:2      | Succumbed to Terence's poison

Vault maps used:
D:1:      sevenhm_arrival_forest_fort_small_6, kennysheep_small_spiral
D:2:      chequers_ecumenical_altar_lobes, uniq_terence, uniq_robin,
          uniq_natasha, uniq_crazy_yiuf_cottage

Skill      XL: |  1  2 |
---------------+-------+-----
Long Blades    | 2 |  2.6
Dodging        | 1 |  1.3
Fighting       | |  3.2
Armour         | |  2.8
Shields        | |  2.8

Action                   || total
-------------------------++-------
Melee: Long sword        ||    60
  Use: Potion            ||     6
       Scroll            ||     1
Armor: Scale mail        ||    17
Dodge: Dodged            ||    17
Block: Shield            ||    21
       Rpst.: Long sword ||     6
